cohdb
Replays
Latest Replays
All Replays
Popular Replays
Top Player Replays
Match Explorer
How It Works
Community
CoH3 Stats
Reddit
Sign in to upload your games and track your stats! →
Sign in with Steam
Match 38962526
Unlisted
Match 38962526
Overview
Messages
Build Orders
End
Construct Section Command Post
Selects Indian Artillery Battlegroup
Infantry Section
Vickers Machine Gun Team
Construct Field Infirmary
Infantry Section
Construct Platoon Command Post
Selects Valour
Infantry Training
6-pounder Anti-tank Gun Team
6-pounder Anti-tank Gun Team
Construct Company Command Post
Selects Gurkha Rifles Section
Gurkha Rifles Section
Selects Towed ML 4.2-inch Heavy Mortar
Selects Off-map Airburst Barrage
Matilda II Heavy Tank
Armored Vehicle Training
Grenade Package
Unlock M3 Grant Medium Tanks
Off-map Airburst Barrage
Royal Engineer Section
M3 Grant Medium Tank
M3 Grant Medium Tank
Selects Volunteer Infantry
Selects Perimeter Monitor
Matilda II Heavy Tank
Beos
Sugar Scoot
Nuba
UH|dun! ツ
UH|ck
UH|XTC
0
0
Comments
sign in to comment!
No comments posted yet!